 Dungeon Crawl Stone Soup version 0.26-a0-520-g952f204493 (webtiles) character file.

Game seed: 11257004321628776459

4290 MrRokkomies the Tainter (level 9, -2/70 (71) HPs)
             Began as a Demigod Venom Mage on Aug 12, 2020.
             Slain by a gargoyle
             ... wielding a cursed -3 flail
              (10 damage)
             ... on level 8 of the Dungeon.
             The game lasted 00:21:22 (11401 turns).

MrRokkomies the Tainter (Demigod Venom Mage)       Turns: 11401, Time: 00:21:23

HP:   -2/70 (71)    AC: 14    Str: 14    XL:     9   Next: 86%
MP:   6/6           EV: 17    Int: 25    God:
Gold: 94            SH:  0    Dex: 16    Spells: 2/15 levels left

rFire    . . .     SeeInvis .   j - +2 dagger (antimagic)
rCold    . . .     Faith    .   (no shield)
rNeg     . . .     Spirit   .   y - +1 scale mail of Gallantry {rElec Str+3} (curse)
rPois    .         Reflect  .   x - +2 helmet
rElec    +         Harm     .   p - +0 cloak
rCorr    .                      (no gloves)
MR       .....                  t - +1 pair of boots
Stlth    +.........             (no amulet)
HPRegen  0.21/turn              v - +4 ring of evasion
MPRegen  0.10/turn              o - ring of wizardry

@: lightly drained
A: high mp 1
a: no special abilities


You were on level 8 of the Dungeon.
You visited 1 branch of the dungeon, and saw 8 of its levels.

You collected 556 gold pieces.
You spent 462 gold pieces at shops.

Inventory:

Hand Weapons
 a - a +3 dagger of venom
 b - a +0 scimitar
 i - a +0 hunting sling
 j - a +2 antimagic dagger (weapon)
Missiles
 g - 59 sling bullets
 k - 471 stones (quivered)
 A - 7 poisoned darts
Armour
 l - a +0 robe
 p - a +0 cloak (worn)
 t - a +1 pair of boots (worn)
 w - a +1 leather armour of cold resistance
 x - a +2 helmet (worn)
 y - the cursed +1 scale mail of Gallantry (worn) {rElec Str+3}
   (You bought it in a shop on level 6 of the Dungeon)

   It affects your strength (+3).
   It insulates you from electricity.
   It has a curse placed upon it.
Jewellery
 h - an uncursed ring of protection from magic
 o - a ring of wizardry (right hand)
 s - a +6 ring of dexterity
 v - a +4 ring of evasion (left hand)
Wands
 q - a wand of iceblast (15)
 C - a wand of acid (6)
Scrolls
 c - a scroll of enchant armour
 e - 5 scrolls of remove curse
 f - 2 scrolls of teleportation
 u - 3 scrolls of identify
Potions
 d - a potion of resistance
 m - 4 potions of brilliance
 n - 3 potions of stabbing
 r - a potion of haste
 B - a potion of lignification


   Skills:
 + Level 3.7(3.5) Fighting
 * Level 3.3(3.1) Armour
 - Level 7.5(7.3) Dodging
 - Level 1.7(1.5) Stealth
 + Level 3.9(3.7) Spellcasting
 - Level 4.0(3.7) Transmutations
 * Level 8.7(8.4) Poison Magic


You had 2 spell levels left.
You knew the following spells:

 Your Spells              Type           Power        Failure   Level
a - Sting                 Tmut/Pois      ####         1%          1
b - Poisonous Vapours     Pois/Air       ####..       4%          2
c - Mephitic Cloud        Conj/Pois/Air  ###.....     14%         3
d - Ignite Poison         Fire/Tmut/Pois ####....     9%          3
e - Olgreb's Toxic Radia  Pois           #####...     4%          4

Your spell library contained the following spells:

 Spells                   Type           Power        Failure   Level
 Corona                   Hex            #......      16%         1
 Ensorcelled Hibernation  Hex/Ice        #.....       22%         2
 Confusing Touch          Hex            #.......     41%         3
 Dazzling Flash           Conj/Hex       #.....       41%         3
 Tukima's Dance           Hex            #.......     41%         3


Dungeon Overview and Level Annotations

Branches:
Dungeon (8/15)             Temple (0/1) D:6
   Lair: D:8-11

Shops:
D:4 (   D:5 (   D:6 [   D:7 [


Innate Abilities, Weirdness & Mutations

You have an increased reservoir of magic. (+10% MP)


Message History

The gargoyle hits you but does no damage.
Okay, then.
Evoke which item? (* to show all) (? for menu, Esc to quit)
Aiming: Corrosive Bolt
Press: ? - help, Shift-Dir - straight line, f/p - gargoyle
Aim: a gargoyle, wielding a -3 flail (severely damaged)
The bolt of acid misses the gargoyle.
The gargoyle hurls a stone arrow at you.
The stone arrow hits you.
* * * LOW HITPOINT WARNING * * *
There's nothing to close nearby.
Evoke which item? (* to show all) (? for menu, Esc to quit)
Aiming: Corrosive Bolt
Press: ? - help, Shift-Dir - straight line, f/p - gargoyle
Aim: a gargoyle, wielding a -3 flail (severely damaged)
The bolt of acid hits the gargoyle.
The gargoyle is splashed with acid.
The acid corrodes the gargoyle!
The gargoyle is almost destroyed.
The gargoyle hits you with a cursed -3 flail!
You die...

.#.# #. ... #. #.#
#. #.# #. #######
#.# #.
#.....#####.# #.
#.....##..)..
#9#####.....)..#.##
#.@..##.....##.....
####.##.....##...##
#.#########.....
#.# #.....
#.##########.#.#
#.##.......#....
#.##.###.....#.#
#.#..###.....#.#
#..#......_..#.#


You could see a gargoyle (corroded).

Vanquished Creatures
  Harold (D:8)
  Pikel (D:4)
  A wyvern (D:8)
  Menkaure (D:5)
  Duvessa (D:6)
  An ice beast (D:7)
  3 sky beasts
  A phantom (D:5)
  An orc warrior (D:6)
  An ogre (D:7)
  A necrophage (D:8)
  A centaur (D:5)
  A lemure (D:4)
  A big kobold (D:4)
  A bullfrog (D:6)
  A gnoll sergeant (D:6)
  Dowan (D:6)
  2 scorpions
  7 wights
  4 howler monkeys
  A bullfrog zombie (D:7)
  A quasit (D:5)
  A bullfrog skeleton (D:8)
  3 hounds
  A jelly (D:8)
  A centaur skeleton (D:6)
  9 orc wizards
  An orc priest (D:6)
  An iguana (D:6)
  4 worker ants
  2 hound zombies (D:8)
  2 hound skeletons (D:6)
  A howler monkey zombie (D:5)
  9 adders
  16 gnolls
  A shadow imp (D:6)
  3 white imps
  An adder skeleton (D:7)
  4 dart slugs
  2 leopard geckos
  22 orcs
  2 ball pythons
  6 giant cockroaches
  31 goblins
  36 hobgoblins
  4 jackals
  8 quokkas
  A ball python skeleton (D:6)
  10 bats
  4 frilled lizards
  11 kobolds
  A quokka skeleton (D:7)
  7 rats
239 creatures vanquished.

Notes
Turn   | Place    | Note
-------+----------+-------------------------------------------
     0 | D:1      | MrRokkomies the Demigod Venom Mage began the quest for the
                  | Orb.
     0 | D:1      | Reached XP level 1. HP: 14/14 MP: 5/5
    57 | D:1      | Reached skill level 1 in Transmutations
   364 | D:1      | Reached XP level 2. HP: 8/20 MP: 1/7
   617 | D:1      | Reached skill level 3 in Poison Magic
  1467 | D:1      | Reached XP level 3. HP: 18/26 MP: 8/8
  2170 | D:2      | Found an ornate altar of the Wu Jian Council.
  2616 | D:3      | Reached XP level 4. HP: 33/33 MP: 9/9
  2631 | D:3      | Learned a level 2 spell: Poisonous Vapours
  2635 | D:3      | Learned a level 3 spell: Mephitic Cloud
  3258 | D:3      | Reached skill level 4 in Poison Magic
  3575 | D:3      | Found a shimmering altar of Xom.
  3741 | D:4      | Noticed a lemure
  3741 | D:4      | Noticed a lemure
  3741 | D:4      | Noticed a lemure
  3741 | D:4      | Noticed a lemure
  3742 | D:4      | Noticed Pikel
  3758 | D:4      | Killed a lemure
  3768 | D:4      | Killed Pikel
  3768 | D:4      | Reached skill level 5 in Poison Magic
  3768 | D:4      | Reached XP level 5. HP: 16/38 MP: 3/10
  3768 | D:4      | Reached XP level 6. HP: 19/45 MP: 3/11
  3768 | D:4      | Reached XP level 7. HP: 21/50 MP: 3/12
  3786 | D:4      | Reached skill level 5 in Dodging
  4105 | D:4      | Found Ypnuabb's Weapon Boutique.
  5662 | D:4      | Reached skill level 6 in Poison Magic
  5741 | D:4      | Found a snail-covered altar of Cheibriados.
  5924 | D:5      | Entered Level 5 of the Dungeon
  6337 | D:5      | Noticed Menkaure
  6358 | D:5      | Killed Menkaure
  6358 | D:5      | Reached XP level 8. HP: 28/57 MP: 4/13
  6678 | D:5      | Learned a level 3 spell: Ignite Poison
  6756 | D:5      | Found Cykhoorei's Antique Weapon Shoppe.
  7329 | D:5      | Reached skill level 1 in Fighting
  7793 | D:6      | You fall into a shaft and drop 1 floor!
  8087 | D:7      | Reached skill level 7 in Poison Magic
  8588 | D:7      | Found Xips's Armour Emporium.
  8830 | D:7      | Found a sacrificial altar of Ru.
  8906 | D:7      | Found an opulent altar of Gozag.
  9066 | D:6      | Noticed Duvessa
  9066 | D:6      | Noticed Dowan
  9082 | D:6      | Killed Duvessa
  9083 | D:6      | Killed Dowan
  9085 | D:6      | Reached XP level 9. HP: 68/68 MP: 9/16
  9295 | D:6      | Learned a level 4 spell: Olgreb's Toxic Radiance
  9366 | D:6      | Found a sparkling altar of Nemelex Xobeh.
  9711 | D:6      | Found a hide-covered altar of Uskayaw.
  9827 | D:6      | Found a staircase to the Ecumenical Temple.
  9908 | D:6      | Found Zaqovvu's Antique Armour Shoppe.
  9911 | D:6      | Bought a runed helmet for 210 gold pieces
  9911 | D:6      | Bought a jewelled scale mail for 252 gold pieces
  9921 | D:6      | Identified the cursed +1 scale mail of Gallantry {rElec
                  | Str+3} (You bought it in a shop on level 6 of the Dungeon)
 10193 | D:6      | Reached skill level 8 in Poison Magic
 10215 | D:6      | Reached skill level 1 in Armour
 10255 | D:6      | Found a stormy altar of Qazlal.
 10410 | D:8      | Noticed Harold
 10436 | D:8      | Killed Harold
 11326 | D:8      | Found a hide-covered altar of Uskayaw.
 11359 | D:8      | Noticed a gargoyle
 11401 | D:8      | Slain by a gargoyle

Illustrated notes

Levels and vault maps discovered:
D:1:      dpeg_arrival_solitude, layout_basic, hex_large, minmay_hexomino_p4
D:2:      layout_rooms, old_standard_altar, chequers_avenue
D:3:      layout_loops_corners, nicolae_overflow_hidden_temple,
          chequers_arboretum
D:4:      minmay_goblin_kobold_castle, layout_loops_ring, serial_shops,
          nicolae_shop_statue_plus, enter_ossuary_5, chequers_mini_garden,
          kennysheep_slug_shrine, uniq_pikel
D:5:      layout_rooms, serial_shops, nicolae_shop_statue_plus, nicolae_sextant,
          chequers_serial_rivers_marsh, uniq_menkaure
D:6:      layout_basic, nemelex_xobeh_ov_fountains_minmay, lemuel_crystal_altar,
          minmay_temple_entry_offerings, basic_altar, serial_shops,
          kennysheep_mini_moat, uniq_duvessa
D:7:      layout_basic, kennysheep_mini, serial_shops,
          nicolae_shop_window_shopping, enter_bailey_6, nicolae_ru_path_of_blood
D:8:      layout_loops_cross, special_room [special_room_orc], basic_altar,
          uniq_harold, uniq_joseph

Skill      XL: |  1  2  3  4  5  6  7  8  9 |
---------------+----------------------------+-----
Transmutations | 1 3 4 |  4.0
Dodging        | 2 4 6 7 |  7.5
Poison Magic   | 3 5 6 7 8 |  8.7
Spellcasting   | 2 3 |  3.9
Fighting       | 2 3 |  3.7
Armour         | 3 |  3.3
Stealth        | |  1.7

Action                   |  1- 3 |  4- 6 |  7- 9 || total
-------------------------+-------+-------+-------++-------
Melee: Dagger            |    19 |    34 |   740 ||   793
       Hand axe          |    14 |       |       ||    14
       Short sword       |    97 |    45 |       ||   142
       Spear             |       |       |    82 ||    82
       Scimitar          |       |       |    16 ||    16
Throw: Throwing net      |       |       |     4 ||     4
 Cast: Sting             |    37 |     2 |    25 ||    64
       Poisonous Vapours |       |     6 |    12 ||    18
       Ignite Poison     |       |       |     4 ||     4
       Mephitic Cloud    |       |       |     2 ||     2
       Olgreb's Toxic Ra |       |       |     3 ||     3
Evoke: Wand              |       |       |     2 ||     2
  Use: Scroll            |     8 |     1 |     7 ||    16
       Potion            |       |     3 |     2 ||     5
 Stab: Sleeping          |     2 |     3 |     4 ||     9
       Distracted        |       |       |     1 ||     1
       Held in net/web   |       |       |     4 ||     4
Armor: Robe              |    38 |    16 |    82 ||   136
       Skin              |       |    24 |     7 ||    31
       Scale mail        |       |       |    56 ||    56
       Leather armour    |       |       |    16 ||    16
Dodge: Dodged            |   141 |    56 |   781 ||   978
       Rpst.: Scimitar   |       |       |     5 ||     5

Table legend: (Time is in decaauts)
 A = Elapsed time spent in this place.
 B = Non-inter-level travel time spent in this place.
 C = Inter-level travel time spent in this place.
 D = Time resting spent in this place.
 E = Time spent auto-exploring this place.
 F = Levels seen in this place.
 G = Mean time per level.
                   A        B        C        D        E       F      G
               +--------+--------+--------+--------+--------+-----+--------+
         Total |  11435 |  11159 |    276 |   2556 |   6414 |   8 | 1429.4 |
       Dungeon |  11435 |  11159 |    276 |   2556 |   6414 |   8 | 1429.4 |
               +--------+--------+--------+--------+--------+-----+--------+

Top non-repeatable levels by time:
     D:4: 2222 daAuts
     D:5: 2041 daAuts
     D:1: 1757 daAuts
     D:7: 1331 daAuts
     D:3: 1204 daAuts
     D:6: 1084 daAuts
     D:8: 1035 daAuts
     D:2: 757 daAuts
